 Dungeon Crawl Stone Soup version 0.31-a0-1002-g8e65716e6e (webtiles) character file.

Game seed: 1365752157192921612

675 BinkBink the Ducker (level 7, -3/49 HPs)
             Began as an Octopode Fighter on Nov 10, 2023.
             Slain by a sky beast (5 damage)
             ... on level 6 of the Dungeon.
             The game lasted 00:07:16 (4627 turns).

BinkBink the Ducker (Octopode Fighter)              Turns: 4627, Time: 00:07:17

Health: -3/49      AC:  1    Str: 17    XL:     7   Next: 59%
Magic:  0/7        EV: 13    Int: 10    God:
Gold:   183        SH:  9    Dex: 12    Spells: 6/6 levels left

rFire   . .          .
                       - Unarmed
rCold   . . .        h - +0 kite shield
rNeg    . . .        (helmet restricted)
rPois   +            n - amulet of guardian spirit
rElec   .            k - ring of poison resistance
rCorr   .            (no ring)
SInv    .            (no ring)
Will    .....        (no ring)
Stlth   ++           (no ring)
HPRegen 0.28/turn    (no ring)
MPRegen 0.10/turn    (no ring)
                     (no ring)

%: guardian spirit
@: mighty
A: almost no armour, amphibious, 8 rings, camouflage 1, gelatinous body 1,
(nimble swimmer 1), tentacles
a: no special abilities


You were on level 6 of the Dungeon.
You visited 1 branch of the dungeon, and saw 8 of its levels.

You collected 183 gold pieces.

Inventory:

Hand Weapons
 l - the +6 sling "Isas" {heavy, rC+ Int+3}
   (You found it on level 2 of the Dungeon)

   Int+3:     It affects your intelligence (+3).
   rC+:       It protects you from cold.
Armour
 h - a +0 kite shield (worn)
Jewellery
 k - a ring of poison resistance (left tentacle)
 n - an amulet of guardian spirit (around mantle)
Talismans
 u - a blade talisman
Scrolls
 a - a scroll of noise {unknown}
 c - 4 scrolls of teleportation {unknown}
 d - 2 scrolls of immolation {unknown}
 e - 3 scrolls of vulnerability {unknown}
 f - a scroll of enchant weapon
 g - 5 scrolls of identify {unknown}
 i - a scroll of blinking {unknown}
 m - a scroll of poison {unknown}
 p - a scroll of fog {unknown}
 q - a scroll of brand weapon {unknown}
Potions
 b - a potion of might
 j - 3 potions of brilliance {unknown}
 o - a potion of curing {unknown}
 r - 2 potions of mutation {unknown}
 s - 2 potions of attraction {unknown}
 t - 2 potions of heal wounds {unknown}
 v - 3 potions of ambrosia {unknown}
 w - 2 potions of resistance {unknown}
 x - a potion of haste {unknown}


   Skills:
 + Level 4.8 Fighting
 + Level 4.9 Dodging
 + Level 4.7 Shields
 + Level 4.1 Unarmed Combat
 + Level 2.0 Shapeshifting


You had 6 spell levels left.
You didn't know any spells.
Your spell library contained the following spells:

 Spells                   Type           Power      Damage    Failure   Level
 Kiss of Death            Conj/Necr      0%         2d5       69%         1
 Sublimation of Blood     Necr           0%         N/A       83%         2
 Wereblood                Tmut           0%         N/A       83%         2
 Confusing Touch          Hex            0%         N/A       96%         3
 Ozocubu's Armour         Ice            0%         N/A       96%         3
 Dispel Undead            Necr           0%         3d6       100%        4
 Vhi's Electric Charge    Tloc/Air       0%         N/A       100%        4
 Arcjolt                  Conj/Air       0%         1d10      100%        5
 Metabolic Englaciation   Hex/Ice        0%         N/A       100%        5
 Plasma Beam              Fire/Air       0%         2x1d10    100%        6
 Simulacrum               Ice/Necr       0%         N/A       100%        6
 Summon Hydra             Summ           0%         N/A       100%        7


Dungeon Overview and Level Annotations

Branches:
Dungeon (8/15)             Temple (0/1) D:5
   Lair: D:8-11

Altars:

Annotations:
D:7 Maggie, Prince Ribbit


Innate Abilities, Weirdness & Mutations

You cannot wear most types of armour.
You are amphibious.
You can wear up to eight rings at the same time.
Your skin changes colour to match your surroundings (Stealth+).
Your rubbery body absorbs attacks. (AC +1, EV +1)
((You are camouflaged when in or above water. (Stealth+)))
You have tentacles for arms and can constrict up to eight enemies at once.


Message History

You squeeze the wight, but do no damage.
The wight is almost destroyed.
You constrict the wight.
You destroy the wight!
Something hits you. Something shocks you.
Your Shapeshifting skill increases to level 2!
Something hits you. Something shocks you.
The howler monkey hoots and howls with incredible vigour!
You hear a shout!
You barely miss something. Something hits you. Something shocks you.
You tentacle-slap something but do no damage.
Something hits you. Something shocks you.
You miss something. Your squeeze misses something. Something hits you.
Something shocks you.
You closely miss something.
A sky beast appears from thin air!
Reactivating autopickup.
The sky beast hits you.
* * * LOW HITPOINT WARNING * * *
The sky beast shocks you.
* * * LOW HITPOINT WARNING * * *
You feel very mighty all of a sudden. You block the sky beast's attack.
You barely miss the sky beast. Your squeeze misses the sky beast.
You block the sky beast's attack.
You barely miss the sky beast. You tentacle-slap the sky beast.
The sky beast is lightly wounded.
The sky beast closely misses you.
You tentacle-slap the sky beast.
The sky beast is moderately wounded.
The sky beast flickers out of sight!
Deactivating autopickup; reactivate with Ctrl-A.
Something hits you.
* * * LOW HITPOINT WARNING * * *
Something shocks you.
* * * LOW HITPOINT WARNING * * *
As you read the scroll labelled IHANLA AFRU, it crumbles to dust.
It is a scroll of enchant weapon.
You aren't carrying any weapons that can be enchanted.
Something hits you. Something shocks you.
You die...

#########
#########.....@.#
#.........#####{#
###.........# #..h#
............###.#.#
#............##...#
##.#####.....##.#.#
# ####.....##...# .
#.........#.#.# #
#.##......#...#


You could see a howler monkey.

Vanquished Creatures
  A centaur (D:5)
  A wight (D:6)
  2 hounds
  2 jellies
  A bullfrog skeleton (D:5)
  A gnoll bouda (D:5)
  2 iguanas
  An orc wizard (D:4)
  A scorpion zombie (D:5)
  2 gnolls (D:5)
  8 adders
  A white imp (D:5)
  2 ufetubi (D:6)
  3 worms
  3 dart slugs
  9 orcs
  4 bats
  11 endoplasms
  25 goblins
  16 hobgoblins
  11 jackals (D:1)
  16 kobolds
  4 quokkas
  7 ball pythons
  4 frilled lizards
  5 rats
143 creatures vanquished.

Notes
Turn   | Place    | Note
-------+----------+-------------------------------------------
     0 | D:1      | BinkBink the Octopode Fighter began the quest for the Orb.
     0 | D:1      | Reached XP level 1. HP: 16/16 MP: 1/1
    47 | D:1      | Reached XP level 2. HP: 21/21 MP: 2/2
    59 | D:1      | Found a faded altar of an unknown god.
   195 | D:1      | Reached XP level 3. HP: 15/26 MP: 3/3
   840 | D:2      | Reached XP level 4. HP: 24/31 MP: 4/4
  1484 | D:2      | Identified the +6 sling "Isas" {heavy, rC+ Int+3}
  1902 | D:3      | Reached XP level 5. HP: 37/37 MP: 5/5
  2792 | D:4      | Reached XP level 6. HP: 42/43 MP: 6/6
  3011 | D:5      | Entered Level 5 of the Dungeon
  3176 | D:5      | Found a staircase to the Ecumenical Temple.
  3517 | D:5      | Reached skill level 1 in Shapeshifting
  3804 | D:5      | Reached XP level 7. HP: 10/49 MP: 2/7
  4061 | D:5      | You fall into a shaft and drop 3 floors!
  4122 | D:8      | Identified the +2 scale mail of Ocuac {rF+ rCorr Int+3}
  4250 | D:7      | Noticed Prince Ribbit
  4364 | D:7      | Noticed Maggie
  4626 | D:6      | HP: 2/49 [something (4)]
  4627 | D:6      | Slain by a sky beast

Illustrated notes

Levels and vault maps discovered:
D:1:      wheals_arrival_shading, layout_loops_ring,
          hellmonk_ecumenical_altar_dog_temple
D:2:      minmay_general_purpose_star, layout_loops_ring, minmay_goblin_outpost
D:3:      layout_rooms, hex_intersection
D:4:      layout_loops_cross
D:5:      corexii_shantytown, layout_loops_corners, minmay_temple_entry_waves,
          serial_undead, serial_undead_c, serial_undead_a, serial_undead_f,
          serial_undead_a, minmay_shop_enchanted_jewellery
D:6:      layout_cave_pods, serial_co_window_serial, co_window_corner_a,
          co_window_corner_a, co_window_paths_a, co_window_of_opportunity_a,
          co_window_of_opportunity_a, co_window_paths_b,
          co_window_of_opportunity_a, co_window_broadway_b, co_window_corner_b,
          co_window_unsneaky_path_a, co_window_4corner_b, co_window_4corner_a,
          moated_statue, hangedman_minor_gate_pass
D:7:      layout_loops_corners, uniq_prince_ribbit1, uniq_maggie,
          uniq_crazy_yiuf_cottage
D:8:      layout_cave_pods, mainiacjoe_overflow_surrounded_room, uniq_jeremiah

Skill      XL: |  1  2  3  4  5  6  7 |
---------------+----------------------+-----
Unarmed Combat | 3 4 |  4.1
Fighting       | 4 |  4.8
Dodging        | 4 |  4.9
Shields        | 4 |  4.7
Shapeshifting  | 1 2 |  2.0

Action                     |  1- 3 |  4- 6 |  7- 9 || total
---------------------------+-------+-------+-------++-------
  Melee: Unarmed           |    88 |   114 |    20 ||   222
         Tentacles         |    16 |    23 |     4 ||    43
         Constrict         |    19 |    29 |     2 ||    50
         Punch             |     4 |     3 |     2 ||     9
   Fire: Sling             |       |    80 |    24 ||   104
    Use: Scroll            |       |       |     1 ||     1
         Potion            |       |       |     1 ||     1
   Stab: Sleeping          |     8 |    15 |       ||    23
 Armour: Skin              |    23 |    78 |    22 ||   123
  Dodge: Dodged            |    59 |    72 |    25 ||   156
  Block: Buckler           |    16 |       |       ||    16
         Kite shield       |     2 |    62 |    27 ||    91

Table legend: (Time is in decaauts)
 A = Elapsed time spent in this place.
 B = Non-inter-level travel time spent in this place.
 C = Inter-level travel time spent in this place.
 D = Time resting spent in this place.
 E = Time spent auto-exploring this place.
 F = Levels seen in this place.
 G = Mean time per level.
                   A        B        C        D        E       F      G
               +--------+--------+--------+--------+--------+-----+--------+
         Total |   4766 |   4487 |    279 |    439 |   2909 |   8 |  595.8 |
       Dungeon |   4766 |   4487 |    279 |    439 |   2909 |   8 |  595.8 |
               +--------+--------+--------+--------+--------+-----+--------+

Top non-repeatable levels by time:
     D:2: 1025 daAuts
     D:4: 1023 daAuts
     D:1: 831 daAuts
     D:5: 788 daAuts
     D:3: 502 daAuts
     D:6: 282 daAuts
     D:7: 160 daAuts
     D:8: 151 daAuts
